 Dungeon Crawl Stone Soup version 0.25-a0-566-g062765be81 (webtiles) character file.

Game seed: 15558323632175586742, levelgen mode: deterministic

58 Flugslaktarn the Covered (level 3, -8/34 HPs)
             Began as a Deep Dwarf Fighter on Feb 28, 2020.
             Killed by divine providence
             ... invoked by an orc priest
              (9 damage)
             ... on level 3 of the Dungeon.
             The game lasted 00:00:21 (168 turns).

Flugslaktarn the Covered (Deep Dwarf Fighter)        Turns: 168, Time: 00:00:22

Health: -8/34      AC:  7    Str: 20    XL:     3   Next: 75%
Magic:  3/3        EV:  7    Int:  8    God:
Gold:   17         SH:  9    Dex: 12    Spells: 2/2 levels left

rFire    . . .     SeeInvis .   a - +0 war axe
rCold    . . .     Gourm    .   c - +0 kite shield
rNeg     . . .     Faith    .   b - +0 scale mail
rPois    .         Spirit   .   (no helmet)
rElec    .         Reflect  .   (no cloak)
rCorr    .         Harm     .   (no gloves)
MR       .....                  (no boots)
Stlth    ..........             (no amulet)
HPRegen  0.00/turn              (no ring)
MPRegen  0.08/turn              (no ring)

@: non-regenerating
A: damage resistance, heal wounds, sense surroundings 1, no regeneration
a: Heal Wounds


You were on level 3 of the Dungeon.
You were not hungry.

You visited 1 branch of the dungeon, and saw 3 of its levels.

You collected 17 gold pieces.

Inventory:

Hand Weapons
 a - a +0 war axe (weapon)
Armour
 b - a +0 scale mail (worn)
 c - a +0 kite shield (worn)
Scrolls
 f - a scroll of magic mapping {unknown}
Potions
 d - a potion of might
 h - a potion of heal wounds {unknown}
Comestibles
 e - a ration
 g - 4 chunks of flesh


   Skills:
 + Level 3.1 Fighting
 * Level 3.3 Axes
 + Level 3.7 Armour
 + Level 3.7 Shields


You had 2 spell levels left.
You didn't know any spells.
Your spell library was empty.

Dungeon Overview and Level Annotations

Branches:
Dungeon (3/15)

Altars:


Innate Abilities, Weirdness & Mutations

You are resistant to damage.
You can heal yourself by infusing magical energy.
You passively map a small area around you.
You do not regenerate.


Message History

You block the jackal's attack.
The orc wizard hits you but does no damage.
The orc hits you from afar with a +0 trident.
The orc priest mumbles some strange prayers to Beogh against you.
Pain shoots through your body! The goblin barely misses you.
You fail to use your ability.
The orc wizard hits you but does no damage.
The orc completely misses you. You block the jackal's attack.
The orc priest mumbles some strange prayers to Beogh against you.
Beogh smites you!
* * * LOW HITPOINT WARNING * * *
The orc barely misses you. The orc hits you with a +0 flail.
You block the orc's attack. The orc priest completely misses you.
You are too injured to fight recklessly!
You are too injured to fight recklessly!
You fail to use your ability.
You block the jackal's attack. The goblin hits you but does no damage.
The orc priest mumbles some strange prayers to Beogh against you.
Beogh smites you!
You die...

* * ####### # , *
* #.....####.# **
#........... ,
#..o........ *
#.oog...... * ###
*###.#@oo..... ,
....##.oo#hoo.....
##.....o.ooo......
.........o...####.
#.........<.....#,
* ,
..........#####.#
...$........., ,#
, ,
.........#####*
......#... , ,


You could see 2 orc priests, an orc wizard, 8 orcs, a jackal and a goblin.

Vanquished Creatures
  An orc wizard (D:3)
  2 oozes
  A dart slug (D:1)
  An orc (D:3)
  2 giant cockroaches (D:3)
  A goblin (D:1)
  3 hobgoblins
  3 jackals (D:3)
  2 kobolds (D:1)
16 creatures vanquished.

Notes
Turn   | Place    | Note
-------+----------+-------------------------------------------
     0 | D:1      | Flugslaktarn the Deep Dwarf Fighter began the quest for the
                  | Orb.
     0 | D:1      | Reached XP level 1. HP: 20/20 MP: 1/1
    27 | D:1      | Reached XP level 2. HP: 24/27 MP: 2/2
   163 | D:3      | Reached XP level 3. HP: 33/34 MP: 3/3
   167 | D:3      | HP: 1/34 [orc priest/divine providence (13)]
   168 | D:3      | Killed from afar by an orc priest

Levels and vault maps discovered:
D:1:      matt_arrival_grand_opening, layout_basic
D:2:      layout_basic, overflow_temple_1_default, lemuel_round_altar
D:3:      layout_basic, demons_altar

Skill      XL: |  1  2 |
---------------+-------+-----
Fighting       | 3 |  3.1
Axes           | 3 |  3.3
Armour         | |  3.7
Shields        | |  3.7

Action                   || total
-------------------------++-------
Melee: War axe           ||    33
 Abil: Heal Wounds       ||     6
Armor: Scale mail        ||    60
Dodge: Dodged            ||    45
Block: Kite shield       ||    51

Table legend:
 A = Non-vault XP
 B = Vault XP
 C = Vault XP percentage of total XP
 D = Non-vault monster count
 E = Vault monster count
 F = Vault count percentage of total count
                 A         B        C        D         E       F
            +---------+---------+-------+---------+---------+-------
      Total |      83 |       0 |   0.0 |      16 |       0 |   0.0
            +---------+---------+-------+---------+---------+-------
        D:1 |      19 |       0 |   0.0 |       7 |       0 |   0.0
        D:2 |       9 |       0 |   0.0 |       2 |       0 |   0.0
        D:3 |      55 |       0 |   0.0 |       7 |       0 |   0.0
            +---------+---------+-------+---------+---------+-------
